 Dungeon Sprint DCSS version 0.26-a0-1101-g8f9f7f7418 (webtiles) character file.

Game seed: 9075092199961612111

15300000 Adamkad1 the Axe Maniac (level 27, -238/249 HPs)
             Began as a Formicid Fighter on Dec 15, 2020.
             Was the Champion of Makhleb.
             Annihilated by a fleshlord
             ... wielding a +9 great mace
              (364 damage)
             ... in the Dungeon (Sprint VIII: "Arena of Blood").
             The game lasted 00:03:02 (153 turns).

Adamkad1 the Axe Maniac (Formicid Fighter)           Turns: 153, Time: 00:03:03

Health: -238/249   AC: 13    Str: 22    XL:     27
Magic:  54/54      EV: 31    Int: 11    God:    Makhleb [******]
Gold:   0          SH: 19    Dex: 19    Spells: 80/80 levels left

rFire    . . .     SeeInvis +   h - +∞ Axe of Woe
rCold    . . .     Faith    .   c - +0 kite shield
rNeg     . . .     Spirit   .   b - +0 scale mail
rPois    .         Reflect  .   (helmet unavailable)
rElec    .         Harm     .   (no cloak)
rCorr    .         Rampage  .   (no gloves)
Will     ++...                  (no boots)
Stlth    ++++++++..             (no amulet)
HPRegen  0.51/turn              (no ring)
MPRegen  0.34/turn              (no ring)

@: no status effects
A: permanent stasis, dig shafts and tunnels, four strong arms, antennae 3
a: Dig, Minor Destruction, Lesser Servant of Makhleb, Major Destruction, Greater
Servant of Makhleb, Renounce Religion


You were in the Dungeon.
You worshipped Makhleb.
Makhleb was exalted by your worship.
You visited 1 branch

Inventory:

Hand Weapons
 a - a +0 war axe
 h - the +∞ Axe of Woe (weapon)
   (You found it in the Dungeon)
Armour
 b - a +0 scale mail (worn)
 c - a +0 kite shield (worn)
Potions
 d - a potion of might
 e - a potion of curing
 f - a potion of heal wounds
 g - 2 potions of magic


   Skills:
 O Level 27 Fighting
 O Level 27 Short Blades
 O Level 27 Long Blades
 O Level 27 Axes
 O Level 27 Maces & Flails
 O Level 27 Polearms
 O Level 27 Staves
 O Level 27 Slings
 O Level 27 Bows
 O Level 27 Crossbows
 O Level 27 Throwing
 O Level 27 Armour
 O Level 27 Dodging
 O Level 27 Stealth
 O Level 27 Shields
 O Level 27 Unarmed Combat
 O Level 27 Spellcasting
 O Level 27 Conjurations
 O Level 27 Hexes
 O Level 27 Summonings
 O Level 27 Necromancy
 O Level 27 Translocations
 O Level 27 Transmutations
 O Level 27 Fire Magic
 O Level 27 Ice Magic
 O Level 27 Air Magic
 O Level 27 Earth Magic
 O Level 27 Poison Magic
 O Level 27 Invocations
 O Level 27 Evocations


You had 80 spell levels left.
You didn't know any spells.
Your spell library was empty.

Dungeon Overview and Level Annotations

Branches:
Dungeon (1/1)

Altars:
Makhleb


Innate Abilities, Weirdness & Mutations

You cannot be hasted, slowed, berserked, paralysed or teleported.
You can dig through walls and to a lower floor.
Your four strong arms can wield two-handed weapons with a shield.
You have a pair of large antennae on your head. (SInv)


Message History

You chop the fleshlord into pieces!!!
You butcher the fleshlord messily.
You kill the fleshlord!
Makhleb accepts your kill.
You hear a shout! x5
What are your orders? t - Shout!
Orders for allies: a - Attack new target. r - Retreat! s - Stop attacking. g - Guard the area. f - Follow me.
Anything else - Cancel.
You shout for attention!
You hear a shout! x3
A hydra, a hell knight and a wraith come into view.
You hear a shout! x2
The eight-headed meat hydra calls on the powers of darkness!
The eight-headed meat hydra convulses!
The fleshlord convulses!
Your body is wracked with pain!
You hear a shout!
The fleshlord hits you with a +9 great mace!!!!!!
Ouch! That really hurt!
You die...

.....##...M.#XL...#
....#.....)#M.X.##.
.z..#...###{.LX#...
............#.....
................
.####.........##
...#...D.{.####
......Wp####
.....###@# #####
#.## ###


You could see an eight-headed meat hydra, a fleshlord and a dread.

Vanquished Creatures
  4 hell knights (D)
  5 hell beasts (D)
  2 royal mummies (D)
  2 wraiths (D)
  8 vampire knights (D)
  19 ogres (D)
  4 two-headed ogres (D)
  7 liches (D)
  4 hydras (D)
  60 orcs (D)
  A phantom (D)
  6 skeletal warriors (D)
  2 sea snakes (D)
  3 large abominations (D)
  4 small abominations (D)
  16 crawling corpses (D)
147 creatures vanquished.

Vanquished Creatures (others)
  A two-headed ogre (D)
  An orc (D)
  4 crawling corpses (D)
6 creatures vanquished.

Grand Total: 153 creatures vanquished

Notes
Turn   | Place    | Note
-------+----------+-------------------------------------------
     0 | D        | Found the +∞ Axe of Woe
     0 | D        | Adamkad1 the Formicid Fighter began the quest for the Orb.
     0 | D        | Reached XP level 1. HP: 18/18 MP: 1/1
     3 | D        | Noticed a bag of meat
     3 | D        | Noticed a bag of meat
     4 | D        | Became a worshipper of Makhleb the Destroyer
     5 | D        | Noticed a meat berserker
     5 | D        | Killed a meat berserker
     5 | D        | Noticed a bag of meat
     6 | D        | Reached XP level 2. HP: 48/48 MP: 2/2
     6 | D        | Reached XP level 3. HP: 54/54 MP: 3/3
     6 | D        | Reached XP level 4. HP: 62/62 MP: 4/4
     6 | D        | Reached XP level 5. HP: 68/68 MP: 5/5
     6 | D        | Reached XP level 6. HP: 75/75 MP: 6/6
     6 | D        | Reached XP level 7. HP: 82/82 MP: 7/7
     6 | D        | Reached XP level 8. HP: 89/89 MP: 8/8
     6 | D        | Reached XP level 9. HP: 95/95 MP: 9/9
     6 | D        | Reached XP level 10. HP: 103/103 MP: 10/10
     6 | D        | Reached XP level 11. HP: 109/109 MP: 11/11
     6 | D        | Reached XP level 12. HP: 116/116 MP: 12/12
     6 | D        | Reached XP level 13. HP: 122/122 MP: 13/13
     6 | D        | Noticed a meat berserker
     7 | D        | Noticed a bag of meat
     8 | D        | Killed a bag of meat
     8 | D        | Reached * piety under Makhleb
     8 | D        | Noticed a bag of meat
     9 | D        | Reached XP level 14. HP: 133/133 MP: 14/14
     9 | D        | Noticed a bag of meat
     9 | D        | Noticed a bag of meat
    10 | D        | Noticed a bag of meat
    10 | D        | Noticed a bag of meat
    10 | D        | Noticed a bag of meat
    11 | D        | Killed a meat berserker
    12 | D        | Reached XP level 15. HP: 72/144 MP: 15/15
    12 | D        | Noticed a meat berserker
    13 | D        | Reached XP level 16. HP: 78/154 MP: 16/16
    13 | D        | Reached ** piety under Makhleb
    14 | D        | Killed a meat berserker
    14 | D        | Noticed a meat berserker
    15 | D        | Reached skill level 27 in Axes
    15 | D        | Reached XP level 17. HP: 168/168 MP: 17/17
    15 | D        | Reached *** piety under Makhleb
    15 | D        | Noticed a meat berserker
    16 | D        | Reached skill level 27 in Shields
    16 | D        | Reached XP level 18. HP: 179/179 MP: 18/18
    18 | D        | Reached skill level 27 in Fighting
    18 | D        | Reached skill level 27 in Armour
    18 | D        | Reached skill level 1 in Short Blades
    18 | D        | Reached skill level 1 in Long Blades
    18 | D        | Reached skill level 1 in Maces & Flails
    18 | D        | Reached skill level 1 in Staves
    18 | D        | Reached skill level 1 in Slings
    18 | D        | Reached skill level 1 in Bows
    18 | D        | Reached skill level 1 in Crossbows
    18 | D        | Reached skill level 1 in Throwing
    18 | D        | Reached skill level 1 in Dodging
    18 | D        | Reached skill level 1 in Unarmed Combat
    18 | D        | Reached skill level 1 in Spellcasting
    18 | D        | Reached skill level 1 in Conjurations
    18 | D        | Reached skill level 1 in Summonings
    18 | D        | Reached skill level 1 in Necromancy
    18 | D        | Reached skill level 1 in Translocations
    18 | D        | Reached skill level 1 in Transmutations
    18 | D        | Reached skill level 1 in Fire Magic
    18 | D        | Reached skill level 1 in Air Magic
    18 | D        | Reached skill level 1 in Evocations
    18 | D        | Reached **** piety under Makhleb
    19 | D        | Reached skill level 5 in Short Blades
    19 | D        | Reached skill level 5 in Long Blades
    19 | D        | Reached skill level 5 in Maces & Flails
    19 | D        | Reached skill level 5 in Polearms
    19 | D        | Reached skill level 5 in Staves
    19 | D        | Reached skill level 5 in Slings
    19 | D        | Reached skill level 5 in Crossbows
    19 | D        | Reached skill level 5 in Throwing
    19 | D        | Reached skill level 5 in Dodging
    19 | D        | Reached skill level 5 in Unarmed Combat
    19 | D        | Reached skill level 5 in Spellcasting
    19 | D        | Reached skill level 5 in Conjurations
    19 | D        | Reached skill level 5 in Summonings
    19 | D        | Reached skill level 5 in Necromancy
    19 | D        | Reached skill level 5 in Transmutations
    19 | D        | Reached skill level 5 in Fire Magic
    19 | D        | Reached skill level 5 in Ice Magic
    19 | D        | Reached skill level 5 in Evocations
    19 | D        | Reached XP level 19. HP: 189/189 MP: 18/26
    20 | D        | Reached skill level 5 in Bows
    20 | D        | Reached skill level 5 in Translocations
    20 | D        | Reached skill level 5 in Air Magic
    20 | D        | Killed a meat berserker
    21 | D        | Reached XP level 20. HP: 197/197 MP: 18/31
    21 | D        | Killed a meat berserker
    21 | D        | Reached ***** piety under Makhleb
    22 | D        | Reached skill level 10 in Hexes
    22 | D        | Reached skill level 10 in Earth Magic
    22 | D        | Reached skill level 10 in Poison Magic
    22 | D        | Reached skill level 10 in Invocations
    23 | D        | Reached skill level 10 in Transmutations
    23 | D        | Noticed a destroyer
    25 | D        | Reached skill level 10 in Slings
    25 | D        | Reached skill level 10 in Evocations
    25 | D        | Reached XP level 21. HP: 204/204 MP: 19/34
    25 | D        | Noticed a large bag of meat
    25 | D        | Noticed a large bag of meat
    25 | D        | Noticed a meat berserker
    25 | D        | Noticed a large bag of meat
    26 | D        | Killed a destroyer
    27 | D        | Reached skill level 10 in Short Blades
    27 | D        | Reached skill level 10 in Long Blades
    27 | D        | Reached skill level 10 in Maces & Flails
    27 | D        | Reached skill level 10 in Polearms
    27 | D        | Reached skill level 10 in Staves
    27 | D        | Reached skill level 10 in Crossbows
    27 | D        | Reached skill level 10 in Throwing
    27 | D        | Reached skill level 10 in Dodging
    27 | D        | Reached skill level 10 in Unarmed Combat
    27 | D        | Reached skill level 10 in Spellcasting
    27 | D        | Reached skill level 10 in Conjurations
    27 | D        | Reached skill level 10 in Summonings
    27 | D        | Reached skill level 10 in Necromancy
    27 | D        | Reached skill level 10 in Fire Magic
    27 | D        | Reached skill level 10 in Ice Magic
    27 | D        | Noticed a meat berserker
    27 | D        | Noticed a meat berserker
    28 | D        | Killed a large bag of meat
    29 | D        | Reached skill level 10 in Bows
    29 | D        | Reached skill level 10 in Translocations
    29 | D        | Reached skill level 10 in Air Magic
    29 | D        | Reached XP level 22. HP: 189/212 MP: 19/37
    29 | D        | Noticed a meat berserker
    29 | D        | Noticed a large bag of meat
    30 | D        | Killed a meat berserker
    30 | D        | Noticed a meat berserker
    30 | D        | Noticed a meat berserker
    31 | D        | Reached skill level 15 in Stealth
    31 | D        | Reached skill level 15 in Poison Magic
    31 | D        | Killed a large bag of meat
    31 | D        | Reached ****** piety under Makhleb
    32 | D        | Reached skill level 15 in Hexes
    32 | D        | Reached skill level 15 in Earth Magic
    32 | D        | Reached skill level 15 in Invocations
    32 | D        | Reached XP level 23. HP: 172/219 MP: 20/40
    32 | D        | Killed a large bag of meat
    33 | D        | Reached skill level 15 in Slings
    33 | D        | Reached skill level 15 in Evocations
    33 | D        | Reached XP level 24. HP: 203/227 MP: 20/41
    34 | D        | Reached skill level 15 in Long Blades
    34 | D        | Reached skill level 15 in Maces & Flails
    34 | D        | Reached skill level 15 in Polearms
    34 | D        | Reached skill level 15 in Staves
    34 | D        | Reached skill level 15 in Crossbows
    34 | D        | Reached skill level 15 in Unarmed Combat
    34 | D        | Reached skill level 15 in Spellcasting
    34 | D        | Reached skill level 15 in Necromancy
    34 | D        | Reached skill level 15 in Fire Magic
    34 | D        | Reached skill level 15 in Ice Magic
    35 | D        | Reached skill level 15 in Short Blades
    35 | D        | Reached skill level 15 in Throwing
    35 | D        | Reached skill level 15 in Summonings
    35 | D        | Reached XP level 25. HP: 231/234 MP: 21/42
    36 | D        | Killed a large bag of meat
    37 | D        | Reached skill level 15 in Dodging
    37 | D        | Reached skill level 15 in Conjurations
    37 | D        | Reached skill level 15 in Translocations
    37 | D        | Noticed a destroyer
    37 | D        | Noticed a destroyer
    38 | D        | Noticed a destroyer
    39 | D        | Reached XP level 26. HP: 126/242 MP: 21/43
    40 | D        | Reached skill level 15 in Bows
    40 | D        | Reached skill level 15 in Air Magic
    44 | D        | Noticed a destroyer
    45 | D        | Killed a large bag of meat
    46 | D        | Reached XP level 27. HP: 249/249 MP: 23/45
    46 | D        | Killed a destroyer
    46 | D        | Killed a destroyer
    46 | D        | Killed a destroyer
    46 | D        | Noticed a destroyer
    47 | D        | Noticed a tyrant
    47 | D        | Noticed a destroyer
    47 | D        | Noticed a destroyer
    48 | D        | Killed a destroyer
    51 | D        | Killed a tyrant
    52 | D        | Noticed a tyrant
    54 | D        | Noticed a tyrant
    55 | D        | Noticed an accursed
    55 | D        | Killed a destroyer
    55 | D        | Killed a tyrant
    55 | D        | Noticed a tyrant
    56 | D        | Noticed a tyrant
    57 | D        | Noticed a tyrant
    57 | D        | HP: 12/249 [meat berserker/+9 battleaxe (29)]
    58 | D        | Killed a destroyer
    59 | D        | Reached skill level 27 in Stealth
    59 | D        | Noticed a meat beast
    60 | D        | Reached skill level 27 in Poison Magic
    60 | D        | Killed a tyrant
    61 | D        | Killed a destroyer
    61 | D        | Noticed a tyrant
    64 | D        | Killed a meat beast
    65 | D        | Reached skill level 27 in Hexes
    65 | D        | Reached skill level 27 in Earth Magic
    65 | D        | Reached skill level 27 in Invocations
    65 | D        | Killed a tyrant
    67 | D        | Noticed a dread
    67 | D        | Noticed a meat beast
    70 | D        | Noticed a meat beast
    71 | D        | Noticed a meat beast
    71 | D        | Noticed a meat beast
    72 | D        | Killed a meat beast
    73 | D        | Reached skill level 27 in Slings
    73 | D        | Reached skill level 27 in Transmutations
    73 | D        | Reached skill level 27 in Evocations
    73 | D        | Killed a meat beast
    73 | D        | Killed a meat beast
    74 | D        | Reached skill level 27 in Short Blades
    74 | D        | Reached skill level 27 in Long Blades
    74 | D        | Reached skill level 27 in Maces & Flails
    74 | D        | Reached skill level 27 in Polearms
    74 | D        | Reached skill level 27 in Staves
    74 | D        | Reached skill level 27 in Crossbows
    74 | D        | Reached skill level 27 in Throwing
    74 | D        | Reached skill level 27 in Dodging
    74 | D        | Reached skill level 27 in Unarmed Combat
    74 | D        | Reached skill level 27 in Spellcasting
    74 | D        | Reached skill level 27 in Conjurations
    74 | D        | Reached skill level 27 in Summonings
    74 | D        | Reached skill level 27 in Necromancy
    74 | D        | Reached skill level 27 in Translocations
    74 | D        | Reached skill level 27 in Fire Magic
    74 | D        | Reached skill level 27 in Ice Magic
    74 | D        | Killed a meat beast
    75 | D        | Reached skill level 27 in Bows
    75 | D        | Reached skill level 27 in Air Magic
    76 | D        | Killed a tyrant
    96 | D        | Killed a tyrant
    98 | D        | Killed an accursed
   102 | D        | Killed a tyrant
   127 | D        | Noticed a dread
   128 | D        | Killed a dread
   131 | D        | Noticed a fleshlord
   132 | D        | Killed a fleshlord
   138 | D        | Noticed a fleshlord
   139 | D        | Killed a fleshlord
   139 | D        | Noticed a dread
   141 | D        | Killed a dread
   142 | D        | Noticed a fleshlord
   143 | D        | Killed a fleshlord
   145 | D        | Noticed an accursed
   146 | D        | Killed an accursed
   150 | D        | Noticed a fleshlord
   151 | D        | Killed a fleshlord
   153 | D        | Noticed a dread
   153 | D        | Noticed a fleshlord
   153 | D        | Annihilated by a fleshlord

Illustrated notes

Levels and vault maps discovered:
D:        meatsprint

Skill      XL: |  1  2  3  4  5  6  7  8  9 10 11 12 13 14 15 16 17 18 19 20 21 22 23 24 25 26 27 |
---------------+----------------------------------------------------------------------------------+-----
Fighting       | 18 19 21 22 24 26 27 | 27.0
Axes           | 16 19 22 23 27 | 27.0
Armour         | 18 19 21 22 24 26 27 | 27.0
Shields        | 19 20 22 23 26 27 | 27.0
Short Blades   | 5 7 9 11 12 14 15 16 18 27 | 27.0
Long Blades    | 5 7 9 11 13 14 16 17 18 27 | 27.0
Maces & Flails | 5 7 9 11 13 14 15 17 18 27 | 27.0
Polearms       | 5 7 9 11 13 14 16 17 18 27 | 27.0
Staves         | 5 7 9 11 13 14 15 16 18 27 | 27.0
Slings         | 5 8 10 12 13 15 16 18 19 27 | 27.0
Bows           | 4 6 8 10 11 12 13 14 15 27 | 27.0
Crossbows      | 5 7 9 11 13 14 15 16 18 27 | 27.0
Throwing       | 5 7 9 11 13 14 15 16 18 27 | 27.0
Dodging        | 5 7 9 10 12 13 14 15 16 27 | 27.0
Stealth        | 7 9 12 14 16 18 19 21 22 27 | 27.0
Unarmed Combat | 5 7 9 11 13 14 15 16 18 27 | 27.0
Spellcasting   | 5 7 9 11 13 14 15 16 18 27 | 27.0
Conjurations   | 5 7 8 10 12 13 14 15 16 27 | 27.0
Hexes          | 6 8 11 13 15 17 18 19 20 27 | 27.0
Summonings     | 5 7 9 11 13 14 15 16 18 27 | 27.0
Necromancy     | 5 7 9 11 13 14 16 18 27 | 27.0
Translocations | 4 6 8 10 12 13 14 15 16 27 | 27.0
Transmutations | 5 8 10 12 14 16 17 18 19 27 | 27.0
Fire Magic     | 5 7 9 11 13 14 15 16 18 27 | 27.0
Ice Magic      | 5 7 9 11 12 14 15 17 18 27 | 27.0
Air Magic      | 4 6 8 10 11 12 13 14 15 27 | 27.0
Earth Magic    | 6 8 11 13 15 17 18 19 20 27 | 27.0
Poison Magic   | 6 9 11 14 16 18 19 20 22 27 | 27.0
Invocations    | 6 8 11 13 15 17 18 19 20 27 | 27.0
Evocations     | 5 7 10 12 13 15 17 18 19 27 | 27.0

Action                   |  1- 3 |  4- 6 |  7- 9 | 10-12 | 13-15 | 16-18 | 19-21 | 22-24 | 25-27 || total
-------------------------+-------+-------+-------+-------+-------+-------+-------+-------+-------++-------
Melee: Executioner's axe |     1 |       |       |       |     3 |     5 |     7 |     5 |    51 ||    72
 Abil: Dig               |       |       |       |       |       |       |       |       |     1 ||     1
Armor: Scale mail        |       |       |       |       |       |       |       |       |     4 ||     4
Dodge: Dodged            |       |       |       |       |       |       |       |       |     7 ||     7
Block: Kite shield       |       |       |       |       |       |       |       |     1 |     5 ||     6

Table legend: (Time is in decaauts)
 A = Elapsed time spent in this place.
 B = Non-inter-level travel time spent in this place.
 C = Inter-level travel time spent in this place.
 D = Time resting spent in this place.
 E = Time spent auto-exploring this place.
 F = Levels seen in this place.
 G = Mean time per level.
                   A        B        C        D        E       F      G
               +--------+--------+--------+--------+--------+-----+--------+
         Total |    133 |    133 |      0 |      0 |      0 |   1 |  133.0 |
       Dungeon |    133 |    133 |      0 |      0 |      0 |   1 |  133.0 |
               +--------+--------+--------+--------+--------+-----+--------+

Top non-repeatable levels by time:
       D: 133 daAuts
